Havana Tropicals vs Rock Island Raccoons
Created - Wednesday, June 14, 2023 at 07:11
Goals
|
| Havana Tropicals |
3 |
0 |
2 |
5 |
| Rock Island Raccoons |
2 |
0 |
0 |
2 |
|
Shots
|
| Havana Tropicals |
19 |
5 |
18 |
42 |
| Rock Island Raccoons |
9 |
5 |
3 |
17 |
|
1st period
1. Havana Tropicals , Chris Tierney 30 (Milan Lucic 16, Sammy Blais 30) at 8:23
2. Havana Tropicals , Alexander Nylander 10 (Henrik Borgstrom 18, Philipp Kurashev 24) at 9:12
3. Rock Island Raccoons , Filip Chytil 19 (Ryan Lindgren 22) at 16:45
4. Havana Tropicals , Timothy Liljegren 4 (Tucker Poolman 19, Zach Aston-Reese 62) at 17:16 (PP)
5. Rock Island Raccoons , Filip Chytil 20 (Brendan Smith 27, Drake Caggiula 29) at 18:59
Penalties :
Pavel Dorofeyev (HAV) for Hooking (Minor) at 1:00, Pavel Dorofeyev (HAV) for Roughing (Minor) at 3:12, Ryan Lindgren (RIR) for Hooking (Minor) at 9:23, Sam Carrick (RIR) for Hooking (Minor) at 17:08
2nd period
No Goal
Penalties :
Nate Thompson (RIR) for Delaying the game (Minor) at 3:05, Andrew Ladd (RIR) for Cross-checking (Minor) at 19:12
3rd period
6. Havana Tropicals , Teddy Blueger 50 (Zach Aston-Reese 63) at 14:04 (PP)
7. Havana Tropicals , Emil Bemstrom 20 (Philipp Kurashev 25) at 19:08
Penalties :
Sam Carrick (RIR) for Goalie Interference (Minor) at 4:50, Brian Boyle (RIR) for Hooking (Minor) at 13:24, Nate Thompson (RIR) for Fighting (Major) at 16:56, Henrik Borgstrom (HAV) for Fighting (Major) at 16:56, Ben Harpur (RIR) for Fighting (Major) at 19:18, Zach Whitecloud (HAV) for Fighting (Major) at 19:18, Ben Harpur (RIR) for instigated a fight (Minor) at 19:18, Ben Harpur (RIR) for instigated and being the aggresor in a fight (20 Minutes Game Misconduct) at 19:18
Goalie Stats
Eric Comrie (HAV), 15 saves from 17 shots - (0.882), W, 33-12-3, 60:00 minutes
Braden Holtby (RIR), 37 saves from 42 shots - (0.881), L, 41-16-2, 60:00 minutes
Players Stats for Havana Tropicals
Player Name G A P +/- PIM S H SB GA TA FO MP PP MP PK MP
------------------------------------------------------------------------------------
Alexander Nylander 1 0 1 1 0 3 1 0 0 0 0/0 9:32 0:00 0:00
Chris Tierney 1 0 1 0 0 5 0 0 1 1 8/18 18:28 4:37 1:38
Darren Raddysh 0 0 0 0 0 0 0 0 0 0 0/0 12:51 0:00 0:00
Dean Kukan 0 0 0 0 0 0 0 0 0 2 0/0 13:16 0:25 0:00
Emil Bemstrom 1 0 1 1 0 1 2 0 1 0 0/0 12:21 0:07 0:00
Henrik Borgstrom 0 1 1 1 5 2 2 0 0 2 3/7 10:31 0:07 0:26
Milan Lucic 0 1 1 0 0 3 5 0 1 0 1/2 18:22 4:36 1:35
Nolan Foote 0 0 0 1 0 0 2 0 0 2 0/0 9:32 0:00 0:00
Pavel Dorofeyev 0 0 0 1 4 2 0 0 0 0 0/0 12:03 0:00 0:00
Philipp Kurashev 0 2 2 1 0 5 2 1 1 1 4/7 12:24 0:08 0:00
Pierre-Edouard Bellemare 0 0 0 -1 0 2 1 1 0 0 2/2 19:07 4:41 1:48
Robert Bortuzzo 0 0 0 2 0 1 0 1 0 0 0/0 24:06 4:40 1:38
Sammy Blais 0 1 1 0 0 3 1 0 0 0 0/1 16:50 4:37 0:00
Teddy Blueger 1 0 1 -1 0 4 0 0 1 0 14/18 19:04 4:41 1:54
Timothy Liljegren 1 0 1 -1 0 4 2 1 1 1 0/0 23:03 4:45 2:20
Tucker Poolman 0 1 1 -1 0 2 2 2 0 1 0/0 23:03 4:45 2:20
Zach Aston-Reese 0 2 2 -1 0 2 0 1 1 0 1/2 17:45 4:41 0:35
Zach Whitecloud 0 0 0 2 5 3 1 1 1 0 0/0 23:40 4:15 1:38
Players Stats for Rock Island Raccoons
Player Name G A P +/- PIM S H SB GA TA FO MP PP MP PK MP
------------------------------------------------------------------------------------
Alex Barre-Boulet 0 0 0 -1 0 0 0 0 1 0 0/0 9:23 0:24 0:00
Andrew Ladd 0 0 0 1 2 1 2 0 0 0 0/1 20:20 1:55 3:28
Andy Greene 0 0 0 1 0 0 2 1 0 1 0/0 24:02 2:24 5:03
Ben Harpur 0 0 0 -1 27 0 1 0 1 0 0/0 13:30 0:00 0:00
Brendan Smith 0 1 1 -1 0 0 1 1 0 2 0/0 23:06 1:46 4:41
Brian Boyle 0 0 0 -2 2 4 1 1 0 0 6/9 16:11 1:50 1:17
Cole Caufield 0 0 0 0 0 1 1 0 2 1 4/10 18:44 1:58 4:36
Damien Giroux 0 0 0 0 0 0 0 0 0 0 0/0 0:00 0:00 0:00
Drake Caggiula 0 1 1 2 0 1 2 0 2 2 0/0 16:59 1:48 1:02
Dryden Hunt 0 0 0 -1 0 0 1 0 0 0 0/0 7:25 0:00 0:00
Filip Chytil 2 0 2 2 0 6 2 1 1 0 4/13 15:45 1:47 0:17
Greg McKegg 0 0 0 -2 0 1 0 1 1 0 1/1 12:59 0:01 0:00
Gustav Lindstrom 0 0 0 -1 0 0 0 1 0 1 0/0 14:52 0:00 0:52
Logan Stanley 0 0 0 -1 0 0 1 1 0 1 0/0 22:27 1:34 4:22
Luke Glendening 0 0 0 0 0 3 2 0 0 0 5/13 18:44 1:58 4:36
Nate Thompson 0 0 0 -1 7 0 2 0 2 0 1/3 15:40 0:01 3:15
Ryan Lindgren 0 1 1 1 2 0 1 2 0 0 0/0 22:50 2:24 4:11
Sam Carrick 0 0 0 -1 4 0 1 1 0 0 3/7 17:30 0:00 0:00
3 Stars
1 - Filip Chytil (RIR)
2 - Philipp Kurashev (HAV)
3 - Emil Bemstrom (HAV)
Power Play
Havana Tropicals - 2 on 7 Attempt(s) - 28.57%
Rock Island Raccoons - 0 on 2 Attempt(s) - 0.00%
Penalty Kill
Havana Tropicals - 2 on 2 Attempt(s) - 100.00%
- Score 0 goal in Penalty Kill
Rock Island Raccoons - 5 on 7 Attempt(s) - 71.43%
- Score 0 goal in Penalty Kill
Team Stat
Havana Tropicals - Hits : 21 - Faceoff Wins : 33 - Blocked Shots : 8 - Penalty Minutes : 14
Rock Island Raccoons - Hits : 20 - Faceoff Wins : 24 - Blocked Shots : 10 - Penalty Minutes : 44
Official
Referees : Ian Walsh and Brad Meier
Linesman : Brandon Gawryletz and Michel Cormier
Game Notes
Nate Thompson beats up Henrik Borgstrom at 16:56 of 3rd period
Ben Harpur and Zach Whitecloud fight to a draw at 19:18 of 3rd period
Ben Harpur ejected from game at 19:18 of 3rd period
Ben Harpur from Rock Island Raccoons is suspended for 1 game(s)
Havana Tropicals
5 vs 5 Forward
Center Left Wing Right Wing Time % Phy DF OF
1 Teddy Blueger Pierre-Edouard Bellemare Zach Aston-Reese 30 1 2 2
2 Chris Tierney Milan Lucic Sammy Blais 30 1 2 2
3 Philipp Kurashev Emil Bemstrom Pavel Dorofeyev 25 1 2 2
4 Henrik Borgstrom Nolan Foote Alexander Nylander 15 1 2 2
5 vs 5 Defense
Defense Defense Time % Phy DF OF
1 Zach Whitecloud Robert Bortuzzo 30 1 2 2
2 Tucker Poolman Timothy Liljegren 30 1 2 2
3 Dean Kukan Darren Raddysh 25 1 2 2
4 Zach Whitecloud Robert Bortuzzo 15 1 2 2
PowerPlay Forward
Center Left Wing Right Wing Time % Phy DF OF
1 Teddy Blueger Pierre-Edouard Bellemare Zach Aston-Reese 50 1 2 2
2 Chris Tierney Milan Lucic Sammy Blais 50 1 2 2
PowerPlay Defense
Defense Defense Time % Phy DF OF
1 Zach Whitecloud Robert Bortuzzo 50 1 2 2
2 Tucker Poolman Timothy Liljegren 50 1 2 2
Penalty Kill 4 Players Forward
Center Wing Time % Phy DF OF
1 Teddy Blueger Pierre-Edouard Bellemare 50 1 2 2
2 Chris Tierney Milan Lucic 50 1 2 2
Penalty Kill 4 Players Defense
Defense Defense Time % Phy DF OF
1 Zach Whitecloud Robert Bortuzzo 50 1 2 2
2 Tucker Poolman Timothy Liljegren 50 1 2 2
Penalty Kill - 3 Players Forward
Forward Time % Phy DF OF
1 Teddy Blueger 50 1 2 2
2 Pierre-Edouard Bellemare 50 1 2 2
Penalty Kill - 3 Players Defense
Defense Defense Time % Phy DF OF
1 Zach Whitecloud Robert Bortuzzo 50 1 2 2
2 Tucker Poolman Timothy Liljegren 50 1 2 2
4 vs 4 Forward
Center Wing Time % Phy DF OF
1 Teddy Blueger Pierre-Edouard Bellemare 50 1 2 2
2 Chris Tierney Milan Lucic 50 1 2 2
4 vs 4 Defense
Defense Defense Time % Phy DF OF
1 Zach Whitecloud Robert Bortuzzo 50 1 2 2
2 Tucker Poolman Timothy Liljegren 50 1 2 2
Last Minutes Offensive
Center Left Wing Right Wing Defense Defense
Teddy Blueger Pierre-Edouard Bellemare Zach Aston-Reese Zach Whitecloud Robert Bortuzzo
Last Minutes Defensive
Center Left Wing Right Wing Defense Defense
Teddy Blueger Pierre-Edouard Bellemare Zach Aston-Reese Zach Whitecloud Robert Bortuzzo
Goaltenders
Starting : Eric Comrie
Backup : Arvid Soderblom
Extra Forwards
Normal : Philipp Kurashev, Emil Bemstrom, Pavel Dorofeyev - PP : Philipp Kurashev, Emil Bemstrom - PK : Pavel Dorofeyev
Extra Defensemen
Normal : Dean Kukan, Darren Raddysh, Tucker Poolman - PP : Dean Kukan - PK : Darren Raddysh, Tucker Poolman
Penalty Shots
Teddy Blueger, Pierre-Edouard Bellemare, Chris Tierney, Milan Lucic, Zach Aston-Reese
Rock Island Raccoons
5 vs 5 Forward
Center Left Wing Right Wing Time % Phy DF OF
1 Luke Glendening Sam Carrick Cole Caufield 30 1 2 2
2 Filip Chytil Andrew Ladd Drake Caggiula 30 1 2 2
3 Brian Boyle Nate Thompson Greg McKegg 25 1 2 2
4 Sam Carrick Dryden Hunt Alex Barre-Boulet 15 1 2 2
5 vs 5 Defense
Defense Defense Time % Phy DF OF
1 Andy Greene Ryan Lindgren 35 1 2 2
2 Logan Stanley Brendan Smith 35 1 2 2
3 Ben Harpur Gustav Lindstrom 30 1 2 2
4 Andy Greene Ryan Lindgren 0 1 2 2
PowerPlay Forward
Center Left Wing Right Wing Time % Phy DF OF
1 Luke Glendening Brian Boyle Cole Caufield 50 1 2 2
2 Filip Chytil Andrew Ladd Drake Caggiula 50 1 2 2
PowerPlay Defense
Defense Defense Time % Phy DF OF
1 Andy Greene Ryan Lindgren 50 1 2 2
2 Logan Stanley Brendan Smith 50 1 2 2
Penalty Kill 4 Players Forward
Center Wing Time % Phy DF OF
1 Cole Caufield Luke Glendening 50 1 2 2
2 Nate Thompson Andrew Ladd 50 1 2 2
Penalty Kill 4 Players Defense
Defense Defense Time % Phy DF OF
1 Andy Greene Ryan Lindgren 50 1 2 2
2 Logan Stanley Brendan Smith 50 1 2 2
Penalty Kill - 3 Players Forward
Forward Time % Phy DF OF
1 Cole Caufield 50 1 2 2
2 Luke Glendening 50 1 2 2
Penalty Kill - 3 Players Defense
Defense Defense Time % Phy DF OF
1 Andy Greene Ryan Lindgren 50 1 2 2
2 Logan Stanley Brendan Smith 50 1 2 2
4 vs 4 Forward
Center Wing Time % Phy DF OF
1 Cole Caufield Luke Glendening 50 1 2 2
2 Alex Barre-Boulet Andrew Ladd 50 1 2 2
4 vs 4 Defense
Defense Defense Time % Phy DF OF
1 Andy Greene Ryan Lindgren 50 1 2 2
2 Logan Stanley Brendan Smith 50 1 2 2
Last Minutes Offensive
Center Left Wing Right Wing Defense Defense
Luke Glendening Brendan Smith Cole Caufield Andy Greene Ryan Lindgren
Last Minutes Defensive
Center Left Wing Right Wing Defense Defense
Luke Glendening Brendan Smith Cole Caufield Andy Greene Ryan Lindgren
Goaltenders
Starting : Braden Holtby
Backup : Mikko Koskinen
Extra Forwards
Normal : Alex Barre-Boulet, Brian Boyle, Nate Thompson - PP : Alex Barre-Boulet, Brian Boyle - PK : Nate Thompson
Extra Defensemen
Normal : Ben Harpur, Gustav Lindstrom, Logan Stanley - PP : Ben Harpur - PK : Gustav Lindstrom, Logan Stanley
Penalty Shots
Cole Caufield, Luke Glendening, Brian Boyle, Brendan Smith, Andrew Ladd
% Time on Ice - Havana Tropicals
Lines # - Real PCT - Wanted PCT - Time Play
Normal Forward
1 - 27% - 30% - 12:38
2 - 27% - 30% - 12:31
3 - 26% - 25% - 11:56
4 - 20% - 15% - 9:32
Normal Defense
1 - 27% - 30% - 12:49
2 - 34% - 30% - 15:58
3 - 28% - 25% - 12:51
4 - 11% - 15% - 4:59
PP Forward
1 - 50% - 50% - 4:41
2 - 50% - 50% - 4:44
PP Defense
1 - 50% - 50% - 4:40
2 - 50% - 50% - 4:45
PK Forward
1 - 48% - 50% - 1:55
2 - 52% - 50% - 2:03
PK Defense
1 - 41% - 50% - 1:38
2 - 59% - 50% - 2:20
PK3 Forward
1 - 0% - 50%
2 - 0% - 50%
PK3 Defense
1 - 0% - 50%
2 - 0% - 50%
44 Forward
1 - 0% - 50%
2 - 0% - 50%
44 Defense
1 - 0% - 50%
2 - 0% - 50%
Last Minute Offensive - 0:00
Last Minute Defensive - 0:00
Total
Forward - 60:00
Defense - 60:00
|
% Time on Ice - Rock Island Raccoons
Lines # - Real PCT - Wanted PCT - Time Play
Normal Forward
1 - 26% - 30% - 12:18
2 - 30% - 30% - 14:04
3 - 28% - 25% - 12:50
4 - 16% - 15% - 7:25
Normal Defense
1 - 36% - 35% - 16:35
2 - 35% - 35% - 16:31
3 - 29% - 30% - 13:31
4 - 0% - 0% - 0:00
PP Forward
1 - 51% - 50% - 2:02
2 - 49% - 50% - 1:56
PP Defense
1 - 61% - 50% - 2:24
2 - 39% - 50% - 1:34
PK Forward
1 - 49% - 50% - 4:36
2 - 51% - 50% - 4:49
PK Defense
1 - 54% - 50% - 5:03
2 - 46% - 50% - 4:22
PK3 Forward
1 - 0% - 50%
2 - 0% - 50%
PK3 Defense
1 - 0% - 50%
2 - 0% - 50%
44 Forward
1 - 0% - 50%
2 - 0% - 50%
44 Defense
1 - 0% - 50%
2 - 0% - 50%
Last Minute Offensive - 0:00
Last Minute Defensive - 0:00
Total
Forward - 60:00
Defense - 60:00
|
Play-by-Play
1st period
0:01 of 1st period - Zach Aston-Reese wins face-off versus Luke Glendening in neutral zone.
0:34 of 1st period - Wrist shot by Sammy Blais.
0:34 of 1st period - Stopped by Braden Holtby with a rebound.
0:52 of 1st period - Wrist shot by Philipp Kurashev.
0:52 of 1st period - Stopped by Braden Holtby without a rebound.
0:53 of 1st period - Sam Carrick wins face-off versus Philipp Kurashev in Rock Island Raccoons zone.
0:53 of 1st period - Sam Carrick is hit by Timothy Liljegren.
1:00 of 1st period - Minor Penalty to Pavel Dorofeyev for Hooking.
1:01 of 1st period - Luke Glendening wins face-off versus Teddy Blueger in Havana Tropicals zone.
1:01 of 1st period - Slapshot by Cole Caufield.
1:01 of 1st period - Deflect By Brian Boyle.
1:01 of 1st period - Shot Misses the Net.
1:01 of 1st period - Puck is out of play.
1:02 of 1st period - Teddy Blueger wins face-off versus Luke Glendening in Havana Tropicals zone.
3:00 of 1st period - Penalty to Pavel Dorofeyev is over, Pavel Dorofeyev is back on ice.
3:12 of 1st period - Minor Penalty to Pavel Dorofeyev for Roughing.
3:13 of 1st period - Luke Glendening wins face-off versus Chris Tierney in Havana Tropicals zone.
3:32 of 1st period - Slapshot by Andrew Ladd.
3:32 of 1st period - Shot Blocked by Timothy Liljegren.
5:12 of 1st period - Penalty to Pavel Dorofeyev is over, Pavel Dorofeyev is back on ice.
5:38 of 1st period - Greg McKegg is hit by Alexander Nylander and loses puck.
6:15 of 1st period - Snap shot by Pavel Dorofeyev.
6:15 of 1st period - Stopped by Braden Holtby with a rebound.
6:27 of 1st period - Darren Raddysh is hit by Nate Thompson and loses puck.
6:56 of 1st period - Snap shot by Henrik Borgstrom.
6:56 of 1st period - Stopped by Braden Holtby with a rebound.
8:13 of 1st period - Icing by Pavel Dorofeyev.
8:14 of 1st period - Chris Tierney wins face-off versus Sam Carrick in Havana Tropicals zone.
8:19 of 1st period - Slapshot by Sammy Blais.
8:19 of 1st period - Stopped by Braden Holtby with a rebound.
8:21 of 1st period - Snap shot by Chris Tierney.
8:21 of 1st period - Deflect By Milan Lucic.
8:21 of 1st period - Stopped by Braden Holtby with a rebound.
8:23 of 1st period - Snap shot by Chris Tierney.
8:23 of 1st period - Goal by Chris Tierney - Havana Tropicals : 1 - Rock Island Raccoons : 0.
8:24 of 1st period - Teddy Blueger wins face-off versus Filip Chytil in neutral zone.
8:39 of 1st period - Snap shot by Teddy Blueger.
8:39 of 1st period - Shot Blocked by Andy Greene.
8:54 of 1st period - Wrist shot by Luke Glendening.
8:54 of 1st period - Shot Misses the Net.
8:56 of 1st period - Snap shot by Luke Glendening.
8:56 of 1st period - Shot Blocked by Tucker Poolman.
9:10 of 1st period - Wrist shot by Henrik Borgstrom.
9:10 of 1st period - Shot Blocked by Brian Boyle.
9:12 of 1st period - Snap shot by Henrik Borgstrom.
9:12 of 1st period - Deflect By Alexander Nylander.
9:12 of 1st period - Goal by Alexander Nylander - Havana Tropicals : 2 - Rock Island Raccoons : 0.
9:13 of 1st period - Pierre-Edouard Bellemare wins face-off versus Filip Chytil in neutral zone.
9:23 of 1st period - Minor Penalty to Ryan Lindgren for Hooking.
9:24 of 1st period - Teddy Blueger wins face-off versus Cole Caufield in Rock Island Raccoons zone.
9:59 of 1st period - Snap shot by Luke Glendening.
9:59 of 1st period - Stopped by Eric Comrie without a rebound.
10:00 of 1st period - Chris Tierney wins face-off versus Cole Caufield in Havana Tropicals zone.
10:05 of 1st period - Wrist shot by Milan Lucic.
10:05 of 1st period - Shot Blocked by Brendan Smith.
10:07 of 1st period - Snap shot by Milan Lucic.
10:07 of 1st period - Stopped by Braden Holtby with a rebound.
10:09 of 1st period - Slapshot by Tucker Poolman.
10:09 of 1st period - Shot Misses the Net.
10:11 of 1st period - Slapshot by Timothy Liljegren.
10:11 of 1st period - Deflect By Cole Caufield.
10:11 of 1st period - Stopped by Braden Holtby without a rebound.
10:12 of 1st period - Chris Tierney wins face-off versus Nate Thompson in Rock Island Raccoons zone.
10:43 of 1st period - Logan Stanley is hit by Tucker Poolman and loses puck.
11:02 of 1st period - Icing by Robert Bortuzzo.
11:03 of 1st period - Nate Thompson wins face-off versus Sammy Blais in Havana Tropicals zone.
11:23 of 1st period - Penalty to Ryan Lindgren is over, Ryan Lindgren is back on ice.
12:02 of 1st period - Wrist shot by Brian Boyle.
12:02 of 1st period - Stopped by Eric Comrie without a rebound.
12:03 of 1st period - Brian Boyle wins face-off versus Henrik Borgstrom in Havana Tropicals zone.
12:10 of 1st period - Wrist shot by Greg McKegg.
12:10 of 1st period - Shot Misses the Net.
12:16 of 1st period - Backhand shot by Brian Boyle.
12:16 of 1st period - Stopped by Eric Comrie with a rebound.
12:30 of 1st period - Sam Carrick is hit by Milan Lucic and loses puck.
12:39 of 1st period - Slapshot by Sammy Blais.
12:39 of 1st period - Stopped by Braden Holtby with a rebound.
12:41 of 1st period - Wrist shot by Zach Whitecloud.
12:41 of 1st period - Stopped by Braden Holtby with a rebound.
12:57 of 1st period - Slapshot by Pavel Dorofeyev.
12:57 of 1st period - Stopped by Braden Holtby without a rebound.
12:58 of 1st period - Philipp Kurashev wins face-off versus Filip Chytil in Rock Island Raccoons zone.
13:43 of 1st period - Icing by Emil Bemstrom.
13:44 of 1st period - Sam Carrick wins face-off versus Philipp Kurashev in Havana Tropicals zone.
14:04 of 1st period - Dean Kukan is hit by Drake Caggiula and loses puck.
15:13 of 1st period - Slapshot by Filip Chytil.
15:13 of 1st period - Shot Misses the Net.
15:15 of 1st period - Wrist shot by Filip Chytil.
15:15 of 1st period - Shot Misses the Net.
15:17 of 1st period - Snap shot by Brendan Smith.
15:17 of 1st period - Shot Blocked by Pierre-Edouard Bellemare.
15:31 of 1st period - Snap shot by Greg McKegg.
15:31 of 1st period - Shot Misses the Net.
15:33 of 1st period - Snap shot by Nate Thompson.
15:33 of 1st period - Shot Misses the Net.
15:56 of 1st period - Timothy Liljegren is hit by Filip Chytil.
16:34 of 1st period - Zach Aston-Reese is hit by Cole Caufield and loses puck.
16:45 of 1st period - Slapshot by Filip Chytil.
16:45 of 1st period - Deflect By Pierre-Edouard Bellemare.
16:45 of 1st period - Goal by Filip Chytil - Havana Tropicals : 2 - Rock Island Raccoons : 1.
16:46 of 1st period - Chris Tierney wins face-off versus Luke Glendening in neutral zone.
16:46 of 1st period - Milan Lucic is hit by Sam Carrick and loses puck.
17:08 of 1st period - Minor Penalty to Sam Carrick for Hooking.
17:09 of 1st period - Teddy Blueger wins face-off versus Nate Thompson in Rock Island Raccoons zone.
17:12 of 1st period - Wrist shot by Zach Aston-Reese.
17:12 of 1st period - Stopped by Braden Holtby with a rebound.
17:14 of 1st period - Slapshot by Tucker Poolman.
17:14 of 1st period - Shot Blocked by Ryan Lindgren.
17:16 of 1st period - Slapshot by Timothy Liljegren.
17:16 of 1st period - Goal by Timothy Liljegren - Havana Tropicals : 3 - Rock Island Raccoons : 1.
17:17 of 1st period - Teddy Blueger wins face-off versus Filip Chytil in neutral zone.
17:28 of 1st period - Slapshot by Filip Chytil.
17:28 of 1st period - Shot Blocked by Zach Whitecloud.
17:30 of 1st period - Wrist shot by Filip Chytil.
17:30 of 1st period - Stopped by Eric Comrie with a rebound.
17:32 of 1st period - Snap shot by Andrew Ladd.
17:32 of 1st period - Shot Misses the Net.
18:31 of 1st period - Snap shot by Philipp Kurashev.
18:31 of 1st period - Shot Misses the Net.
18:33 of 1st period - Slapshot by Zach Whitecloud.
18:33 of 1st period - Stopped by Braden Holtby without a rebound.
18:34 of 1st period - Teddy Blueger wins face-off versus Luke Glendening in Rock Island Raccoons zone.
18:39 of 1st period - Wrist shot by Pierre-Edouard Bellemare.
18:39 of 1st period - Shot Blocked by Gustav Lindstrom.
18:41 of 1st period - Slapshot by Tucker Poolman.
18:41 of 1st period - Shot Misses the Net.
18:43 of 1st period - Slapshot by Tucker Poolman.
18:43 of 1st period - Stopped by Braden Holtby without a rebound.
18:44 of 1st period - Luke Glendening wins face-off versus Teddy Blueger in Rock Island Raccoons zone.
18:49 of 1st period - Snap shot by Luke Glendening.
18:49 of 1st period - Stopped by Eric Comrie without a rebound.
18:50 of 1st period - Filip Chytil wins face-off versus Chris Tierney in Havana Tropicals zone.
18:53 of 1st period - Snap shot by Drake Caggiula.
18:53 of 1st period - Stopped by Eric Comrie with a rebound.
18:55 of 1st period - Snap shot by Brendan Smith.
18:55 of 1st period - Shot Blocked by Tucker Poolman.
18:57 of 1st period - Wrist shot by Filip Chytil.
18:57 of 1st period - Stopped by Eric Comrie with a rebound.
18:59 of 1st period - Wrist shot by Filip Chytil.
18:59 of 1st period - Goal by Filip Chytil - Havana Tropicals : 3 - Rock Island Raccoons : 2.
19:00 of 1st period - Chris Tierney wins face-off versus Filip Chytil in neutral zone.
19:07 of 1st period - Snap shot by Chris Tierney.
19:07 of 1st period - Stopped by Braden Holtby without a rebound.
19:08 of 1st period - Filip Chytil wins face-off versus Chris Tierney in Rock Island Raccoons zone.
19:13 of 1st period - Snap shot by Chris Tierney.
19:13 of 1st period - Shot Blocked by Filip Chytil.
19:15 of 1st period - Wrist shot by Milan Lucic.
19:15 of 1st period - Shot Misses the Net.
19:17 of 1st period - Wrist shot by Zach Whitecloud.
19:17 of 1st period - Shot Misses the Net.
19:19 of 1st period - Slapshot by Robert Bortuzzo.
19:19 of 1st period - Stopped by Braden Holtby with a rebound.
19:56 of 1st period - Luke Glendening is hit by Zach Whitecloud and loses puck.
Goals for this period are 3 for Havana Tropicals vs 2 for Rock Island Raccoons.
Shots for this period are 19 for Havana Tropicals vs 9 for Rock Island Raccoons.
2nd period
0:01 of 2nd period - Teddy Blueger wins face-off versus Luke Glendening in neutral zone.
0:30 of 2nd period - Chris Tierney is hit by Drake Caggiula.
0:57 of 2nd period - Icing by Timothy Liljegren.
0:58 of 2nd period - Luke Glendening wins face-off versus Henrik Borgstrom in Havana Tropicals zone.
1:05 of 2nd period - Slapshot by Tucker Poolman.
1:05 of 2nd period - Stopped by Braden Holtby with a rebound.
1:28 of 2nd period - Wrist shot by Teddy Blueger.
1:28 of 2nd period - Shot Misses the Net.
1:52 of 2nd period - Snap shot by Chris Tierney.
1:52 of 2nd period - Stopped by Braden Holtby with a rebound.
1:54 of 2nd period - Wrist shot by Milan Lucic.
1:54 of 2nd period - Shot Misses the Net.
2:28 of 2nd period - Slapshot by Luke Glendening.
2:28 of 2nd period - Shot Blocked by Robert Bortuzzo.
3:05 of 2nd period - Minor Penalty to Nate Thompson for Delaying the game.
3:06 of 2nd period - Milan Lucic wins face-off versus Cole Caufield in Rock Island Raccoons zone.
3:40 of 2nd period - Luke Glendening is hit by Timothy Liljegren and loses puck.
5:05 of 2nd period - Penalty to Nate Thompson is over, Nate Thompson is back on ice.
5:51 of 2nd period - Nolan Foote is hit by Andrew Ladd and loses puck.
6:04 of 2nd period - Zach Whitecloud is hit by Andy Greene and loses puck.
6:11 of 2nd period - Alex Barre-Boulet is hit by Nolan Foote and loses puck.
6:32 of 2nd period - Snap shot by Greg McKegg.
6:32 of 2nd period - Stopped by Eric Comrie with a rebound.
6:47 of 2nd period - Zach Aston-Reese is hit by Filip Chytil and loses puck.
7:00 of 2nd period - Wrist shot by Zach Aston-Reese.
7:00 of 2nd period - Shot Misses the Net.
7:47 of 2nd period - Snap shot by Pierre-Edouard Bellemare.
7:47 of 2nd period - Shot Misses the Net.
8:03 of 2nd period - Cole Caufield is hit by Emil Bemstrom.
8:29 of 2nd period - Snap shot by Cole Caufield.
8:29 of 2nd period - Shot Misses the Net.
8:46 of 2nd period - Off-side.
8:47 of 2nd period - Teddy Blueger wins face-off versus Filip Chytil in neutral zone.
8:50 of 2nd period - Slapshot by Pierre-Edouard Bellemare.
8:50 of 2nd period - Shot Misses the Net.
9:01 of 2nd period - Off-side.
9:02 of 2nd period - Brian Boyle wins face-off versus Chris Tierney in neutral zone.
9:07 of 2nd period - Snap shot by Brian Boyle.
9:07 of 2nd period - Stopped by Eric Comrie without a rebound.
9:08 of 2nd period - Brian Boyle wins face-off versus Chris Tierney in Havana Tropicals zone.
10:22 of 2nd period - Snap shot by Sammy Blais.
10:22 of 2nd period - Shot Misses the Net.
10:35 of 2nd period - Off-side.
10:36 of 2nd period - Sam Carrick wins face-off versus Henrik Borgstrom in neutral zone.
10:47 of 2nd period - Sam Carrick is hit by Nolan Foote.
10:56 of 2nd period - Off-side.
10:57 of 2nd period - Brian Boyle wins face-off versus Teddy Blueger in neutral zone.
11:21 of 2nd period - Icing by Logan Stanley.
11:22 of 2nd period - Brian Boyle wins face-off versus Chris Tierney in Rock Island Raccoons zone.
11:22 of 2nd period - Brian Boyle is hit by Milan Lucic.
11:38 of 2nd period - Wrist shot by Luke Glendening.
11:38 of 2nd period - Shot Misses the Net.
11:48 of 2nd period - Snap shot by Filip Chytil.
11:48 of 2nd period - Stopped by Eric Comrie without a rebound.
11:49 of 2nd period - Teddy Blueger wins face-off versus Filip Chytil in Havana Tropicals zone.
11:49 of 2nd period - Teddy Blueger is hit by Ryan Lindgren.
12:23 of 2nd period - Wrist shot by Cole Caufield.
12:23 of 2nd period - Stopped by Eric Comrie without a rebound.
12:24 of 2nd period - Philipp Kurashev wins face-off versus Brian Boyle in Havana Tropicals zone.
12:24 of 2nd period - Philipp Kurashev is hit by Ben Harpur.
13:43 of 2nd period - Snap shot by Brian Boyle.
13:43 of 2nd period - Stopped by Eric Comrie with a rebound.
13:53 of 2nd period - Logan Stanley is hit by Philipp Kurashev and loses puck.
14:18 of 2nd period - Snap shot by Zach Aston-Reese.
14:18 of 2nd period - Shot Misses the Net.
14:38 of 2nd period - Filip Chytil is hit by Milan Lucic and loses puck.
14:53 of 2nd period - Henrik Borgstrom is hit by Nate Thompson and loses puck.
15:18 of 2nd period - Wrist shot by Pierre-Edouard Bellemare.
15:18 of 2nd period - Shot Blocked by Sam Carrick.
18:35 of 2nd period - Zach Whitecloud is hit by Andy Greene and loses puck.
18:52 of 2nd period - Andy Greene is hit by Henrik Borgstrom and loses puck.
18:57 of 2nd period - Backhand shot by Henrik Borgstrom.
18:57 of 2nd period - Stopped by Braden Holtby without a rebound.
18:58 of 2nd period - Henrik Borgstrom wins face-off versus Andrew Ladd in Rock Island Raccoons zone.
19:12 of 2nd period - Minor Penalty to Andrew Ladd for Cross-checking.
19:13 of 2nd period - Cole Caufield wins face-off versus Teddy Blueger in Rock Island Raccoons zone.
19:22 of 2nd period - Snap shot by Pierre-Edouard Bellemare.
19:22 of 2nd period - Stopped by Braden Holtby with a rebound.
19:24 of 2nd period - Slapshot by Zach Whitecloud.
19:24 of 2nd period - Stopped by Braden Holtby with a rebound.
Goals for this period are 0 for Havana Tropicals vs 0 for Rock Island Raccoons.
Shots for this period are 5 for Havana Tropicals vs 5 for Rock Island Raccoons.
3rd period
0:01 of 3rd period - Cole Caufield wins face-off versus Milan Lucic in neutral zone.
0:14 of 3rd period - Andy Greene is hit by Sammy Blais and loses puck.
0:29 of 3rd period - Snap shot by Pierre-Edouard Bellemare.
0:29 of 3rd period - Shot Misses the Net.
0:31 of 3rd period - Snap shot by Pierre-Edouard Bellemare.
0:31 of 3rd period - Shot Blocked by Ryan Lindgren.
1:12 of 3rd period - Penalty to Andrew Ladd is over, Andrew Ladd is back on ice.
1:48 of 3rd period - Snap shot by Andrew Ladd.
1:48 of 3rd period - Stopped by Eric Comrie without a rebound.
1:49 of 3rd period - Henrik Borgstrom wins face-off versus Cole Caufield in Havana Tropicals zone.
1:54 of 3rd period - Cole Caufield is hit by Henrik Borgstrom and loses puck.
3:10 of 3rd period - Philipp Kurashev is hit by Andrew Ladd and loses puck.
3:25 of 3rd period - Snap shot by Sammy Blais.
3:25 of 3rd period - Deflect By Chris Tierney.
3:25 of 3rd period - Stopped by Braden Holtby without a rebound.
3:26 of 3rd period - Chris Tierney wins face-off versus Luke Glendening in Rock Island Raccoons zone.
3:29 of 3rd period - Slapshot by Milan Lucic.
3:29 of 3rd period - Stopped by Braden Holtby with a rebound.
3:54 of 3rd period - Snap shot by Chris Tierney.
3:54 of 3rd period - Shot Misses the Net.
3:56 of 3rd period - Slapshot by Zach Whitecloud.
3:56 of 3rd period - Shot Blocked by Greg McKegg.
3:58 of 3rd period - Wrist shot by Milan Lucic.
3:58 of 3rd period - Shot Blocked by Logan Stanley.
4:12 of 3rd period - Wrist shot by Sammy Blais.
4:12 of 3rd period - Deflect By Chris Tierney.
4:12 of 3rd period - Stopped by Braden Holtby without a rebound.
4:13 of 3rd period - Filip Chytil wins face-off versus Zach Aston-Reese in Rock Island Raccoons zone.
4:17 of 3rd period - Off-side.
4:18 of 3rd period - Teddy Blueger wins face-off versus Filip Chytil in neutral zone.
4:21 of 3rd period - Wrist shot by Timothy Liljegren.
4:21 of 3rd period - Stopped by Braden Holtby without a rebound.
4:22 of 3rd period - Teddy Blueger wins face-off versus Filip Chytil in Rock Island Raccoons zone.
4:33 of 3rd period - Snap shot by Teddy Blueger.
4:33 of 3rd period - Stopped by Braden Holtby with a rebound.
4:35 of 3rd period - Snap shot by Zach Aston-Reese.
4:35 of 3rd period - Shot Misses the Net.
4:37 of 3rd period - Slapshot by Timothy Liljegren.
4:37 of 3rd period - Stopped by Braden Holtby without a rebound.
4:38 of 3rd period - Chris Tierney wins face-off versus Luke Glendening in Rock Island Raccoons zone.
4:50 of 3rd period - Minor Penalty to Sam Carrick for Goalie Interference.
4:51 of 3rd period - Chris Tierney wins face-off versus Cole Caufield in Rock Island Raccoons zone.
4:52 of 3rd period - Snap shot by Sammy Blais.
4:52 of 3rd period - Shot Misses the Net.
5:16 of 3rd period - Zach Whitecloud is hit by Luke Glendening and loses puck.
5:59 of 3rd period - Brendan Smith is hit by Milan Lucic and loses puck.
6:50 of 3rd period - Penalty to Sam Carrick is over, Sam Carrick is back on ice.
7:14 of 3rd period - Backhand shot by Ben Harpur.
7:14 of 3rd period - Deflect By Filip Chytil.
7:14 of 3rd period - Stopped by Eric Comrie with a rebound.
9:33 of 3rd period - Robert Bortuzzo is hit by Luke Glendening and loses puck.
11:07 of 3rd period - Ryan Lindgren is hit by Milan Lucic.
12:12 of 3rd period - Icing by Luke Glendening.
12:13 of 3rd period - Henrik Borgstrom wins face-off versus Brian Boyle in Rock Island Raccoons zone.
12:14 of 3rd period - Snap shot by Alexander Nylander.
12:14 of 3rd period - Stopped by Braden Holtby with a rebound.
12:25 of 3rd period - Nolan Foote is hit by Brian Boyle and loses puck.
12:36 of 3rd period - Cole Caufield is hit by Pierre-Edouard Bellemare and loses puck.
12:45 of 3rd period - Wrist shot by Pierre-Edouard Bellemare.
12:45 of 3rd period - Stopped by Braden Holtby with a rebound.
12:47 of 3rd period - Snap shot by Teddy Blueger.
12:47 of 3rd period - Shot Misses the Net.
12:49 of 3rd period - Slapshot by Darren Raddysh.
12:49 of 3rd period - Deflect By Teddy Blueger.
12:49 of 3rd period - Stopped by Braden Holtby without a rebound.
12:50 of 3rd period - Filip Chytil wins face-off versus Chris Tierney in Rock Island Raccoons zone.
13:24 of 3rd period - Minor Penalty to Brian Boyle for Hooking.
13:25 of 3rd period - Cole Caufield wins face-off versus Chris Tierney in Rock Island Raccoons zone.
13:51 of 3rd period - Logan Stanley is hit by Tucker Poolman and loses puck.
13:58 of 3rd period - Snap shot by Teddy Blueger.
13:58 of 3rd period - Stopped by Braden Holtby without a rebound.
13:59 of 3rd period - Teddy Blueger wins face-off versus Cole Caufield in Rock Island Raccoons zone.
14:02 of 3rd period - Slapshot by Zach Aston-Reese.
14:02 of 3rd period - Stopped by Braden Holtby with a rebound.
14:04 of 3rd period - Slapshot by Teddy Blueger.
14:04 of 3rd period - Goal by Teddy Blueger - Havana Tropicals : 4 - Rock Island Raccoons : 2.
14:05 of 3rd period - Teddy Blueger wins face-off versus Luke Glendening in neutral zone.
14:53 of 3rd period - Nate Thompson is hit by Emil Bemstrom and loses puck.
15:04 of 3rd period - Wrist shot by Philipp Kurashev.
15:04 of 3rd period - Stopped by Braden Holtby with a rebound.
15:18 of 3rd period - Nolan Foote is hit by Dryden Hunt and loses puck.
15:43 of 3rd period - Robert Bortuzzo is hit by Brendan Smith and loses puck.
16:24 of 3rd period - Brendan Smith is hit by Philipp Kurashev and loses puck.
16:45 of 3rd period - Snap shot by Alexander Nylander.
16:45 of 3rd period - Stopped by Braden Holtby without a rebound.
16:46 of 3rd period - Greg McKegg wins face-off versus Henrik Borgstrom in Rock Island Raccoons zone.
16:56 of 3rd period - Nate Thompson beats up Henrik Borgstrom.
16:56 of 3rd period - Penalty to Nate Thompson for Fighting.
16:56 of 3rd period - Penalty to Henrik Borgstrom for Fighting.
16:57 of 3rd period - Philipp Kurashev wins face-off versus Sam Carrick in Havana Tropicals zone.
17:14 of 3rd period - Icing by Alex Barre-Boulet.
17:15 of 3rd period - Teddy Blueger wins face-off versus Sam Carrick in Rock Island Raccoons zone.
17:20 of 3rd period - Snap shot by Teddy Blueger.
17:20 of 3rd period - Shot Misses the Net.
17:23 of 3rd period - Icing by Dryden Hunt.
17:24 of 3rd period - Pierre-Edouard Bellemare wins face-off versus Sam Carrick in Rock Island Raccoons zone.
18:07 of 3rd period - Wrist shot by Sam Carrick.
18:07 of 3rd period - Shot Misses the Net.
18:09 of 3rd period - Wrist shot by Sam Carrick.
18:09 of 3rd period - Shot Misses the Net.
18:11 of 3rd period - Wrist shot by Alex Barre-Boulet.
18:11 of 3rd period - Deflect By Sam Carrick.
18:11 of 3rd period - Shot Blocked by Zach Aston-Reese.
18:11 of 3rd period - Puck is out of play.
18:12 of 3rd period - Philipp Kurashev wins face-off versus Brian Boyle in Havana Tropicals zone.
18:12 of 3rd period - Philipp Kurashev is hit by Logan Stanley.
18:18 of 3rd period - Snap shot by Emil Bemstrom.
18:18 of 3rd period - Shot Misses the Net.
18:20 of 3rd period - Slapshot by Philipp Kurashev.
18:20 of 3rd period - Stopped by Braden Holtby without a rebound.
18:21 of 3rd period - Brian Boyle wins face-off versus Philipp Kurashev in Rock Island Raccoons zone.
18:26 of 3rd period - Snap shot by Philipp Kurashev.
18:26 of 3rd period - Stopped by Braden Holtby with a rebound.
18:48 of 3rd period - Wrist shot by Greg McKegg.
18:48 of 3rd period - Shot Blocked by Philipp Kurashev.
19:06 of 3rd period - Slapshot by Philipp Kurashev.
19:06 of 3rd period - Stopped by Braden Holtby with a rebound.
19:08 of 3rd period - Snap shot by Emil Bemstrom.
19:08 of 3rd period - Goal by Emil Bemstrom - Havana Tropicals : 5 - Rock Island Raccoons : 2.
19:09 of 3rd period - Luke Glendening wins face-off versus Chris Tierney in neutral zone.
19:18 of 3rd period - Ben Harpur and Zach Whitecloud fight to a draw.
19:18 of 3rd period - Penalty to Ben Harpur for Fighting.
19:18 of 3rd period - Penalty to Zach Whitecloud for Fighting.
19:18 of 3rd period - Penalty to Ben Harpur for instigated a fight.
19:18 of 3rd period - Penalty to Ben Harpur for instigated and being the aggresor in a fight.
19:18 of 3rd period - Ben Harpur is ejected from game.
19:19 of 3rd period - Cole Caufield wins face-off versus Chris Tierney in Havana Tropicals zone.
19:20 of 3rd period - Wrist shot by Luke Glendening.
19:20 of 3rd period - Stopped by Eric Comrie with a rebound.
Goals for this period are 2 for Havana Tropicals vs 0 for Rock Island Raccoons.
Shots for this period are 18 for Havana Tropicals vs 3 for Rock Island Raccoons.
Back to the Top